 Dungeon Crawl Stone Soup version 0.19.5 (webtiles) character file.

202 McKennaii the Magician (level 5, -6/28 HPs)
             Began as a Deep Elf Fire Elementalist on May 10, 2017.
             Mangled by a gnoll
             ... wielding a +0 spear
              (9 damage)
             ... on level 4 of the Dungeon.
             The game lasted 00:04:25 (1958 turns).

McKennaii the Magician (Deep Elf Fire Elementalist) Turns: 1958, Time: 00:04:26

Health: -6/28      AC:  4    Str:  5    XL:     5   Next: 50%
Magic:  8/14       EV: 13    Int: 21    God:
Gold:   115        SH:  0    Dex: 15    Spells: 3 memorised, 8 levels left

rFire  . . .     SeeInvis .     (no weapon)
rCold  . . .     Gourm    .     a - +0 robe
rNeg   . . .     Faith    .     (no shield)
rPois  .         Spirit   .     g - +0 helmet
rElec  .         Reflect  .     (no cloak)
rCorr  .         Harm     .     e - +0 pair of gloves
MR     .....                    (no boots)
Stlth  ++........               (no amulet)
                                (no ring)
                                (no ring)

@: no status effects
A: no striking features
a: no special abilities


You were on level 4 of the Dungeon.
You were not hungry.

You visited 1 branch of the dungeon, and saw 4 of its levels.

You collected 115 gold pieces.

Inventory:

Armour
 a - a +0 robe (worn)
 e - a +0 pair of gloves (worn)
 g - a +0 helmet (worn)
Scrolls
 d - 5 scrolls of remove curse {unknown}
 h - a scroll of random uselessness {unknown}
 i - 2 scrolls of magic mapping {unknown}
 j - a scroll of blinking {unknown}
 k - 2 scrolls of identify {unknown}
 l - a scroll of enchant armour {unknown}
 q - a scroll of teleportation {unknown}
 r - a scroll of noise {unknown}
Potions
 f - a potion of berserk rage {unknown}
 o - a potion of lignification {unknown}
 p - 2 potions of mutation {unknown}
 t - a potion of might {unknown}
 u - a potion of brilliance {unknown}
Books
 b - a book of Flames

   Spells                             Type                      Level
   a - Flame Tongue                   Conjuration/Fire             1
   b - Throw Flame                    Conjuration/Fire             2
   c - Conjure Flame                  Conjuration/Fire             3
   d - Inner Flame                    Hexes/Fire                   3
   e - Sticky Flame                   Conjuration/Fire             4
   f - Fireball                       Conjuration/Fire             5
Comestibles
 c - 2 bread rations
 m - 2 meat rations
 n - a fruit
 s - 2 chunks of flesh


   Skills:
 + Level 0.2 Fighting
 + Level 2.8 Dodging
 + Level 2.7 Stealth
 + Level 5.1 Spellcasting
 + Level 3.1 Conjurations
 + Level 4.6 Fire Magic


You had 8 spell levels left.
You knew the following spells:

 Your Spells              Type           Power        Failure   Level  Hunger
a - Flame Tongue          Conj/Fire      ###..        1%          1    None
b - Throw Flame           Conj/Fire      ###...       3%          2    None
c - Conjure Flame         Conj/Fire      ###.....     10%         3    ##.....


Dungeon Overview and Level Annotations

Branches:
Dungeon (4/15)
 Temple: D:4-7

Altars:
Hepliaklqana
Trog


Message History

Confirm with . or Enter, or press ? or * to list all spells.
Aiming: Flame Tongue
Press: ? - help, Shift-Dir - straight line, f/p - hound
Aim: a hound (heavily wounded)
The flame tongue hits the hound.
You kill the hound!
Your Spellcasting skill increases to level 5!
The hound closely misses you.
The gnoll hits you from afar with a spear!
* * * LOW HITPOINT WARNING * * *
Casting: Flame Tongue
Confirm with . or Enter, or press ? or * to list all spells.
Aiming: Flame Tongue
Press: ? - help, Shift-Dir - straight line, f - hound
Aim: a hound (lightly wounded)
The flame tongue hits the hound.
The hound appears unharmed.
The hound is lightly wounded.
The hound barely misses you.
The gnoll hits you from afar with a spear!
You die...

..† #########.###
#......<....#
#######.....#.###.#
#...+ #.....#.###.##
...# #.....#.......
g.+ #.....#.......
####h###.....#.......
#..P@P.............#
#...............#####
####..##.............
##.########.######
#.........#.#
#########.#.#
#........#
#.####.#.### #.#
#.#...#


You could see a hound and a gnoll.

Vanquished Creatures
  The ghost of humperndinck the Insei, an amateur DgTm (D:3)
  A hound (D:4)
  2 adders (D:2)
  2 worms (D:2)
  4 dart slugs
  3 leopard geckos
  2 orcs (D:3)
  A giant cockroach (D:2)
  3 goblins
  10 hobgoblins
  4 jackals
  A quokka (D:4)
  9 bats
  3 frilled lizards
  2 kobolds
  8 rats
56 creatures vanquished.

Notes
Turn   | Place    | Note
-------+----------+-------------------------------------------
     0 | D:1      | McKennaii the Deep Elf Fire Elementalist began the quest for the Orb.
     0 | D:1      | Reached XP level 1. HP: 10/10 MP: 6/6
   238 | D:1      | Reached XP level 2. HP: 15/15 MP: 6/8
   614 | D:1      | Reached XP level 3. HP: 17/19 MP: 4/9
   766 | D:2      | Found a faded altar of an unknown god.
  1114 | D:2      | Reached XP level 4. HP: 24/24 MP: 8/11
  1379 | D:3      | Noticed humperndinck's ghost (amateur DgTm)
  1384 | D:3      | Learned a level 2 spell: Throw Flame
  1388 | D:3      | Learned a level 3 spell: Conjure Flame
  1415 | D:3      | Reached skill level 4 in Spellcasting
  1644 | D:3      | Killed humperndinck's ghost
  1644 | D:3      | Reached XP level 5. HP: 28/28 MP: 0/13
  1781 | D:3      | Found a bloodstained altar of Trog.
  1781 | D:3      | Found a hazy altar of Hepliaklqana.
  1957 | D:4      | Reached skill level 5 in Spellcasting
  1958 | D:4      | Mangled by a gnoll

Skill      XL: |  1  2  3  4  5 |
---------------+----------------+-----
Fire Magic     | 4 |  4.6
Conjurations   | 3 |  3.1
Spellcasting   | 4 5 |  5.1
Fighting       | |  0.2
Dodging        | |  2.8
Stealth        | |  2.7

Action                   |  1- 3 |  4- 6 || total
-------------------------+-------+-------++-------
 Cast: Flame Tongue      |    64 |    49 ||   113
       Conjure Flame     |       |     3 ||     3
       Throw Flame       |       |     1 ||     1
  Eat: Chunk             |       |     3 ||     3
Armor: Robe              |     6 |     3 ||     9
Dodge: Dodged            |    13 |    15 ||    28
